 Dungeon Crawl Stone Soup version 0.29.0-4-gdea44cf6ec (webtiles) character file.

Game seed: 7718951551521934643

758 qw the Cleaver (level 7, 0/61 HPs)
             Began as a Minotaur Berserker on Sept 9, 2022.
             Was a Believer of Trog.
             Succumbed to an orc wizard's poison
             ... on level 5 of the Dungeon.
             The game lasted 00:01:34 (4375 turns).

qw the Cleaver (Minotaur Berserker)                 Turns: 4375, Time: 00:01:34

Health: 0/61       AC: 14    Str: 24    XL:     7   Next: 50%
Magic:  0/6        EV:  8    Int:  4    God:    Trog [**....]
Gold:   157        SH:  0    Dex:  9    Spells: 6/6 levels left

rFire   . . .      SeeInvis .   Y - +1 hand axe
rCold   . . .      Faith    .   (no shield)
rNeg    . . .      Spirit   +   q - +0 chain mail
rPois   .          Reflect  .   (helmet restricted)
rElec   .          Harm     .   (no cloak)
rCorr   .          Rampage  .   (no gloves)
Will    .....                   f - +0 pair of boots
Stlth   ..........              d - amulet of guardian spirit
HPRegen 0.20/turn               a - +4 ring of protection
MPRegen 0.10/turn               (no ring)

@: lethally poisoned (0 -> -1), weakened, on berserk cooldown, slowed, very slow
A: horns 2, retaliatory headbutt
a: Renounce Religion, Berserk, Trog's Hand


You were on level 5 of the Dungeon.
You worshipped Trog.
Trog was pleased with you.
You visited 1 branch of the dungeon, and saw 5 of its levels.

You collected 157 gold pieces.


Innate Abilities, Weirdness & Mutations

You have a pair of horns on your head.
You reflexively headbutt those who attack you in melee.


   Skills:
 - Level 5.0 Fighting
 + Level 9.8 Axes
 - Level 3.4 Armour
 - Level 2.1 Dodging


You had 6 spell levels left.
You didn't know any spells.
Your spell library was empty.

Inventory:

Hand Weapons
 n - a +0 whip
 Y - a +1 hand axe (weapon)
Armour
 b - the +0 chain mail of Death Resistance {rC+ rN++ Str+4 Dex+3}
   (You found it on level 5 of the Dungeon)

   Str:       It affects your strength (+4).
   Dex:       It affects your dexterity (+3).
   rC:        It protects you from cold.
   rN:        It greatly protects you from negative energy.
 f - a +0 pair of boots (worn)
 q - a +0 chain mail (worn)
Jewellery
 a - a +4 ring of protection (left hand)
 d - an amulet of guardian spirit (around neck)
 t - a ring of ice
Potions
 c - a potion of lignification {unknown}
 h - a potion of degeneration {unknown}
 i - a potion of brilliance {unknown}
 j - a potion of haste
 k - a potion of heal wounds {unknown}
 l - a potion of might {unknown}
 m - a potion of mutation {unknown}
 r - a potion of ambrosia {unknown}

Dungeon Overview and Level Annotations

Branches:
Dungeon (5/15)
 Temple: D:4-7

Altars:

Shops:
D:1 (


Message History

The orc priest hits you but does no damage.
The gnoll bouda gazes fiercely through you!
You feel as though you will be weak longer.
You closely miss the orc priest. You headbutt the orc priest.
The orc priest is heavily wounded.
You hit the gnoll bouda. You barely miss something. You closely miss the gnoll.
You feel sick.
The gnoll hits you from afar with a +0 spear.
The gnoll hits you with a +0 whip.
You closely miss the orc priest. Your headbutt misses the orc priest.
The orc priest is heavily wounded.
You hit the gnoll bouda. You barely miss something. You slash the gnoll!
The gnoll is no longer moving quickly.
An orc wizard appears from thin air!
Reactivating autopickup.
You hear some strange, mumbled words.
A magic dart appears from out of thin air!
Deactivating autopickup; reactivate with Ctrl-A.
The magic dart hits you but does no damage.
The orc priest barely misses you. The gnoll bouda closely misses you.
The orc wizard gestures at you while chanting.
The gnoll hits you from afar with a +0 spear.
You barely miss the gnoll bouda.
The gnoll bouda is severely wounded.
You hit something. You barely miss the gnoll. You hit the orc priest.
You feel sick. The gnoll hits you with a +0 whip.
You miss the gnoll bouda.
The gnoll bouda is severely wounded.
You hit something. You closely miss the gnoll. You closely miss the orc priest.
You feel less confused.
You are no longer berserk.
You are exhausted.
You feel yourself slow down. Something hits you but does no damage.
The orc priest closely misses you. The gnoll bouda closely misses you.
The gnoll hits you but does no damage.
You barely miss the orc wizard. Your headbutt misses the orc wizard.
The orc wizard is severely wounded.
You hit something. You hit the gnoll.
You kill the gnoll!
Trog accepts your kill.
You hit the orc priest. You hit the gnoll bouda.
You die...

... #.#....#...........
....##.####.............
..............<.........
....##....).)..........#
.........).)..........#
.###.).)...............
#g)o...........(....
#.###.g{)............
#.....o@oo......)....
######.........#####
#...........
#..........#
#..........#
#".........#
#...[......# ##........#


You could see a gnoll bouda, an orc priest, 3 orc wizards and a gnoll (swift).

Vanquished Creatures
  An ogre (D:4)
  3 necrophages
  A scorpion (D:5)
  A hound (D:4)
  2 gnoll boudas (D:4)
  Jessica (D:3)
  An iguana (D:4)
  3 orc wizards
  11 gnolls
  4 adders
  A worm (D:4)
  A dart slug (D:4)
  7 orcs
  4 ball pythons
  8 bats
  6 endoplasms
  5 giant cockroaches
  8 goblins
  7 hobgoblins
  4 jackals (D:2)
  A frilled lizard (D:2)
  10 kobolds
  5 rats
95 creatures vanquished.

Vanquished Creatures (others)
  An orc (D:5)
1 creature vanquished.

Grand Total: 96 creatures vanquished

Notes
Turn   | Place    | Note
-------+----------+-------------------------------------------
     0 | D:1      | qw the Minotaur Berserker began the quest for the Orb.
     0 | D:1      | Reached XP level 1. HP: 19/19 MP: 0/0
     0 | D:1      | 0 ||| qw: Version: 0.1-a-113-g051387a
     0 | D:1      | 0 ||| qw: Game counter: 7218
     0 | D:1      | 0 ||| qw: Always use a shield: true
     0 | D:1      | 0 ||| qw: Do Orc after D:15 true
     0 | D:1      | 0 ||| qw: Do second Lair branch before Depths: true
     0 | D:1      | 0 ||| qw: Lair rune preference: random
     0 | D:1      | 0 ||| qw: Plans: Normal
     0 | D:1      | 0 ||| PLANNING D:1-11
   128 | D:1      | Reached skill level 4 in Axes
   189 | D:1      | Found a faded altar of an unknown god.
   281 | D:1      | Reached XP level 2. HP: 24/26 MP: 1/1
   327 | D:1      | 327 ||| INVOKING Berserk.
   865 | D:1      | Found Vairpha's Antique Weapon Shoppe.
   874 | D:1      | 874 ||| SHOPLISTING dazzling flail (246 gold, have 34).
   874 | D:1      | 874 ||| SHOPLISTING whip (72 gold, have 34).
  1012 | D:1      | 1012 ||| UPGRADING to +0 pair of boots.
  1017 | D:1      | 1017 ||| READING scroll labelled ZINUTE VIPIS.
  1018 | D:1      | 1018 ||| READING scroll labelled PORUOX BUYSAU.
  1019 | D:1      | 1019 ||| Stepping randomly (stuck).
  1020 | D:1      | 1020 ||| Stepping ~*~*~tactically~*~*~ (cloud).
  1024 | D:1      | HP: 6/26 [poisoned by you (poison gas)]
  1028 | D:1      | HP: 2/26 [poisoned by you (poison gas)]
  1462 | D:2      | Reached skill level 5 in Axes
  1489 | D:2      | 1489 ||| Stepping ~*~*~tactically~*~*~ (stealth).
  1510 | D:2      | 1510 ||| Stepping ~*~*~tactically~*~*~ (stealth).
  1515 | D:2      | Reached XP level 3. HP: 30/31 MP: 2/2
  1522 | D:2      | 1522 ||| Stepping ~*~*~tactically~*~*~ (stealth).
  1523 | D:2      | 1523 ||| Stepping ~*~*~tactically~*~*~ (stealth).
  1527 | D:2      | 1527 ||| Stepping ~*~*~tactically~*~*~ (stealth).
  1528 | D:2      | 1528 ||| Stepping ~*~*~tactically~*~*~ (hiding).
  1529 | D:2      | 1529 ||| Stepping ~*~*~tactically~*~*~ (hiding).
  1539 | D:2      | 1539 ||| FLEEEEING.
  1540 | D:2      | 1540 ||| FLEEEEING.
  1541 | D:2      | 1541 ||| FLEEEEING.
  1542 | D:2      | 1542 ||| FLEEEEING.
  1543 | D:2      | 1543 ||| FLEEEEING.
  1544 | D:2      | 1544 ||| FLEEEEING.
  1545 | D:2      | 1545 ||| FLEEEEING.
  1546 | D:2      | 1546 ||| FLEEEEING.
  1547 | D:2      | 1547 ||| FLEEEEING.
  1548 | D:2      | 1548 ||| FLEEEEING.
  1549 | D:2      | 1549 ||| FLEEEEING.
  1550 | D:2      | 1550 ||| FLEEEEING.
  1551 | D:2      | 1551 ||| FLEEEEING.
  1552 | D:2      | 1552 ||| FLEEEEING.
  1553 | D:2      | 1553 ||| FLEEEEING.
  1554 | D:2      | 1554 ||| FLEEEEING.
  1555 | D:2      | 1555 ||| FLEEEEING.
  1556 | D:2      | 1556 ||| FLEEEEING.
  1557 | D:2      | 1557 ||| FLEEEEING.
  1558 | D:2      | 1558 ||| FLEEEEING.
  1562 | D:2      | 1562 ||| STAIRDANCE
  1649 | D:1      | 1649 ||| UPGRADING to +0 leather armour.
  1659 | D:1      | 1659 ||| DROPPING +0 animal skin.
  1660 | D:1      | 1660 ||| READING scroll labelled PIESOHIS FEOFU.
  1661 | D:1      | 1661 ||| READING scroll labelled UWNAIH DOAMMI.
  1695 | D:2      | 1695 ||| Stepping ~*~*~tactically~*~*~ (stealth).
  1696 | D:2      | 1696 ||| Stepping ~*~*~tactically~*~*~ (stealth).
  2057 | D:2      | 2057 ||| DROPPING +0 club.
  2152 | D:2      | 2152 ||| UPGRADING to amulet of guardian spirit.
  2157 | D:2      | 2157 ||| DRINKING 2 bubbling golden potions.
  2158 | D:2      | 2158 ||| DROPPING potion of attraction.
  2184 | D:3      | 2184 ||| STAIRDANCE
  2190 | D:3      | 2190 ||| STAIRDANCE
  2217 | D:3      | 2217 ||| INVOKING Berserk.
  2222 | D:3      | Reached skill level 6 in Axes
  2222 | D:3      | Reached XP level 4. HP: 39/39 MP: 3/3
  2222 | D:3      | 2222 ||| STAIRDANCE
  2526 | D:3      | Reached ** piety under Trog
  2529 | D:3      | 2529 ||| Stepping ~*~*~tactically~*~*~ (stealth).
  2684 | D:3      | Noticed Jessica
  2686 | D:3      | 2686 ||| Stepping ~*~*~tactically~*~*~ (hiding).
  2690 | D:3      | Killed Jessica
  2928 | D:3      | 2928 ||| UPGRADING to +0 scale mail.
  2935 | D:3      | 2935 ||| UPGRADING to +0 scale mail.
  2945 | D:3      | 2945 ||| DROPPING +0 leather armour.
  2946 | D:3      | 2946 ||| UPGRADING to +0 chain mail.
  2956 | D:3      | 2956 ||| DROPPING +0 scale mail.
  3082 | D:3      | 3082 ||| DROPPING amulet of magic regeneration.
  3083 | D:3      | 3083 ||| READING scroll labelled TIT XIAXKEI.
  3084 | D:3      | 3084 ||| READING scroll labelled APHIARINEM.
  3085 | D:3      | 3085 ||| READING scroll labelled YKIMEH NAJAMIA.
  3089 | D:3      | 3089 ||| DRINKING 2 pink potions.
  3101 | D:4      | 3101 ||| INVOKING Berserk.
  3107 | D:4      | Reached skill level 7 in Axes
  3107 | D:4      | Reached XP level 5. HP: 45/45 MP: 4/4
  3129 | D:4      | 3129 ||| FLEEEEING.
  3130 | D:4      | 3130 ||| FLEEEEING.
  3131 | D:4      | 3131 ||| FLEEEEING.
  3132 | D:4      | 3132 ||| FLEEEEING.
  3133 | D:4      | 3133 ||| STAIRDANCE
  3237 | D:4      | 3237 ||| STAIRDANCE
  3239 | D:3      | 3239 ||| INVOKING Berserk.
  3380 | D:4      | 3380 ||| INVOKING Berserk.
  3392 | D:4      | 3392 ||| STAIRDANCE
  3535 | D:4      | 3535 ||| INVOKING Berserk.
  3668 | D:4      | Reached skill level 8 in Axes
  3668 | D:4      | Reached XP level 6. HP: 52/52 MP: 5/5
  3803 | D:4      | 3803 ||| INVOKING Berserk.
  3807 | D:4      | Reached skill level 9 in Axes
  3943 | D:4      | Reached skill level 3 in Armour
  4030 | D:4      | Reached XP level 7. HP: 59/59 MP: 6/6
  4057 | D:4      | 4057 ||| Stepping ~*~*~tactically~*~*~ (stealth).
  4151 | D:4      | 4151 ||| UPGRADING to +4 ring of protection.
  4152 | D:4      | 4152 ||| DROPPING ring of flight.
  4153 | D:4      | 4153 ||| READING scroll labelled KOCUSAB OKEKI.
  4154 | D:4      | 4154 ||| DRINKING 2 silvery potions.
  4258 | D:4      | 4258 ||| DRINKING 4 fuming cyan potions.
  4259 | D:4      | 4259 ||| DROPPING potion of berserk rage.
  4268 | D:5      | Entered Level 5 of the Dungeon
  4271 | D:5      | 4271 ||| STAIRDANCE
  4299 | D:5      | Identified the +0 chain mail of Death Resistance {rC+ rN++
                  | Str+4 Dex+3}
  4349 | D:5      | 4349 ||| DRINKING 3 potions of curing.
  4349 | D:5      | 4349 ||| (to cure confusion)
  4351 | D:5      | 4351 ||| DRINKING 2 potions of curing.
  4351 | D:5      | 4351 ||| (to cure confusion)
  4353 | D:5      | 4353 ||| DRINKING potion of curing.
  4353 | D:5      | 4353 ||| (to cure confusion)
  4361 | D:5      | 4361 ||| INVOKING Berserk.
  4367 | D:5      | HP: 22/91 [something/magic dart (2)]
  4371 | D:5      | HP: 9/91 [gnoll/+0 spear[a gnoll bouda] (6)]
  4372 | D:5      | HP: 2/91 [gnoll/+0 spear[a gnoll bouda] (5)]
  4375 | D:5      | Succumbed to an orc wizard's poison

Levels and vault maps discovered:
D:1:      scummos_arrival_simple_fountains, layout_loops_ring,
          shapermc_ecumenical_altar_mp_ritualfount, serial_shops,
          nicolae_lakefront_shop
D:2:      layout_loops_ring
D:3:      layout_rooms, hangedman_glass_teeth, minmay_misc_feat_enclosed,
          uniq_jessica
D:4:      layout_rooms, nicolae_underground_beach
D:5:      layout_rooms, lemuel_round_altar

Skill      XL: |  1  2  3  4  5  6  7 |
---------------+----------------------+-----
Axes           | 4 5 6 7 8 9 |  9.8
Fighting       | 4 5 |  5.0
Armour         | 3 |  3.4
Dodging        | |  2.1

Action                   |  1- 3 |  4- 6 |  7- 9 || total
-------------------------+-------+-------+-------++-------
Melee: Hand axe          |    77 |    81 |    41 ||   199
       Headbutt          |    13 |    15 |     5 ||    33
       Punch             |     1 |     2 |       ||     3
Invok: Berserk           |     2 |     5 |     1 ||     8
  Use: Scroll            |     4 |     3 |     1 ||     8
       Potion            |     1 |     1 |     5 ||     7
Armor: Animal skin       |    16 |       |       ||    16
       Leather armour    |     3 |    12 |       ||    15
       Chain mail        |       |    11 |    46 ||    57
Dodge: Dodged            |    50 |    33 |    19 ||   102

Table legend:
 A = Non-vault XP
 B = Vault XP
 C = Vault XP percentage of total XP
 D = Non-vault monster count
 E = Vault monster count
 F = Vault count percentage of total count
                 A         B        C        D         E       F
            +---------+---------+-------+---------+---------+-------
      Total |    1060 |      37 |   3.4 |      95 |       1 |   1.0
            +---------+---------+-------+---------+---------+-------
        D:1 |      33 |       0 |   0.0 |      19 |       0 |   0.0
        D:2 |      53 |       0 |   0.0 |      22 |       0 |   0.0
        D:3 |      70 |      37 |  34.6 |      16 |       1 |   5.9
        D:4 |     596 |       0 |   0.0 |      25 |       0 |   0.0
        D:5 |     308 |       0 |   0.0 |      13 |       0 |   0.0
            +---------+---------+-------+---------+---------+-------
